 Dungeon Crawl Stone Soup version 0.22-a0-757-gdba82d8 (webtiles) character file.

394 twist the Cutter (level 6, -1/33 HPs)
             Began as a Spriggan Abyssal Knight on July 16, 2018.
             Was a Priest of Lugonu.
             Killed from afar by an orc wizard (9 damage)
             ... with a magic dart
             ... on level 3 of the Dungeon.
             The game lasted 00:07:57 (4239 turns).

twist the Cutter (Spriggan Abyssal Knight)          Turns: 4239, Time: 00:07:58

Health: -1/33      AC:  4    Str:  8    XL:     6   Next: 52%
Magic:  8/8        EV: 24    Int: 16    God:    Lugonu [***...]
Gold:   106        SH:  0    Dex: 20    Spells: 5/5 levels left

rFire    + . .     SeeInvis +   m - +2 rapier
rCold    . . .     Gourm    .   (shield restricted)
rNeg     . . .     Faith    .   e - +2 robe {rF+}
rPois    .         Spirit   .   (helmet restricted)
rElec    .         Reflect  .   (no cloak)
rCorr    .         Harm     .   (gloves unavailable)
MR       +....                  (boots unavailable)
Stlth    +++.......             (no amulet)
HPRegen  0.11/turn              h - ring of loudness (curse)
MPRegen  0.11/turn              (no ring)

@: agile, slowed, quick
A: very small, unfitting armour, see invisible, herbivore, speed 3, slow
metabolism 2
a: Depart the Abyss, Bend Space, Banish, Renounce Religion


You were on level 3 of the Dungeon.
You worshipped Lugonu.
Lugonu was most pleased with you.
You were not hungry.

You visited 1 branch of the dungeon, and saw 3 of its levels.
You visited the Abyss 1 time.

You collected 106 gold pieces.

Inventory:

Hand Weapons
 a - a +1 hand axe of flaming
 m - a +2 rapier (weapon)
Armour
 e - a +2 robe of fire resistance (worn)
Jewellery
 h - a cursed ring of loudness (left hand)
Scrolls
 b - 2 scrolls of teleportation
 f - a scroll of remove curse
 i - a scroll of magic mapping
 k - a scroll of amnesia
 p - 2 scrolls of blinking
 q - a scroll of enchant armour
Potions
 d - a potion of curing
 g - a potion of agility
 n - 2 potions of heal wounds {unknown}
 o - 2 potions of magic
Comestibles
 c - 7 rations


   Skills:
 + Level 3.8 Fighting
 * Level 5.9 Short Blades
 + Level 3.6 Dodging
 + Level 3.5 Stealth
 + Level 2.0 Invocations


You had 5 spell levels left.
You didn't know any spells.
Your spell library was empty.

Dungeon Overview and Level Annotations

Branches:
Dungeon (3/15)

Altars:
Wu Jian


Innate Abilities, Weirdness & Mutations

You are very small and have problems with some larger weapons.
You are too small for most types of armour.
You have supernaturally acute eyesight. (SInv)
You are a herbivore.
You cover ground extremely quickly.
You need to consume almost no food.


Message History

The magic dart hits you! The orc closely misses you. The orc wizard misses you.
You are too injured to fight recklessly!
You are too injured to fight recklessly!
You are too injured to fight recklessly!
You puncture the orc wizard!
The orc wizard is almost dead.
The orc wizard hits you but does no damage.
The orc hits you with a whip. The orc wizard closely misses you.
You closely miss the orc wizard.
The orc wizard is almost dead.
The orc completely misses you. The orc wizard casts a spell at you.
The magic dart hits you! The orc hits you with a whip.
* * * LOW HITPOINT WARNING * * *
The orc wizard closely misses you.
Unknown command.
You feel agile all of a sudden. The orc wizard casts a spell at you.
The magic dart hits you!
You die...

.........# ..... #.#...
.......#.# ....###.#...
......o#.### #......#...
.#.........o...# #......†...
........#.#.....###.......#..
#......... #.oo...............
#......#.# #...............###
#......#.######o..............
#.........#.o@oo.####..#.#####
#...........####.# .#.........
#...........# .#.....##...##
#.........### .#............
#.........######.#..##.##.....
#......#.......#.#......###†..
########.....#.#.#..##..###...
#########.....#.# #............
#.....>.........#.#.....###....


You could see an orc wizard and 3 orcs.

Vanquished Creatures
  Sigmund (D:2)
  An orc wizard (D:3)
  14 adders
  A worm (D:3)
  A leopard gecko (D:2)
  6 orcs
  2 giant cockroaches
  15 goblins
  6 hobgoblins
  6 jackals (D:2)
  2 quokkas
  5 ball pythons
  11 bats
  9 frilled lizards
  6 kobolds
  5 rats
91 creatures vanquished.

Notes
Turn   | Place    | Note
-------+----------+-------------------------------------------
     0 | Abyss:1  | twist the Spriggan Abyssal Knight began the quest for the Orb.
     0 | Abyss:1  | Reached XP level 1. HP: 11/11 MP: 3/3
    56 | D:1      | Escaped the Abyss
   544 | D:1      | Reached XP level 2. HP: 11/16 MP: 4/4
   794 | D:1      | Reached skill level 3 in Short Blades
  1266 | D:2      | Reached ** piety under Lugonu
  1302 | D:2      | Reached XP level 3. HP: 18/19 MP: 5/5
  1420 | D:2      | Found an ornate altar of the Wu Jian Council.
  1560 | D:2      | Reached skill level 4 in Short Blades
  1674 | D:2      | Reached XP level 4. HP: 15/24 MP: 6/6
  2248 | D:2      | Reached skill level 1 in Stealth
  2492 | D:2      | Reached XP level 5. HP: 24/28 MP: 7/7
  2772 | D:2      | Reached *** piety under Lugonu
  2774 | D:2      | Noticed Sigmund
  2791 | D:2      | Killed Sigmund
  2791 | D:2      | Reached skill level 5 in Short Blades
  2791 | D:2      | Reached XP level 6. HP: 19/33 MP: 8/8
  4239 | D:3      | Killed from afar by an orc wizard

Vault maps used:
D:1:      evilmike_arrival_plus, st_stairs_10
D:2:      lemuel_coloured_pillars_altar, minmay_snake_closets, uniq_sigmund
D:3:      nicolae_overflow_hidden_temple

Skill      XL: |  1  2  3  4  5  6 |
---------------+-------------------+-----
Short Blades   | 3 4 5 |  5.9
Fighting       | 3 |  3.8
Stealth        | 1 3 |  3.5
Invocations    | 2 |  2.0
Dodging        | |  3.6

Action                   |  1- 3 |  4- 6 || total
-------------------------+-------+-------++-------
Melee: Short sword       |   125 |       ||   125
       Rapier            |    71 |   207 ||   278
  Use: Scroll            |     6 |     5 ||    11
       Potion            |       |     5 ||     5
 Stab: Sleeping          |     1 |     2 ||     3
       Invisible         |       |     2 ||     2
  Eat: Ration            |       |     1 ||     1
Armor: Robe              |    33 |    24 ||    57
Dodge: Dodged            |   191 |   186 ||   377

Table legend:
 A = Spawn XP
 B = Non-spawn XP
 C = Spawn XP percentage of total XP
 D = Spawn monster count
 E = Non-spawn monster count
 F = Spawn count percentage of total count
 G = Total turns spent on level
                    A         B        C        D         E        F      G
               +---------+---------+-------+---------+---------+-------+---------
         Total |       0 |     564 |   0.0 |       0 |      91 |   0.0 |  4239
               +---------+---------+-------+---------+---------+-------+---------
           D:1 |       0 |      22 |   0.0 |       0 |      17 |   0.0 |  1162
           D:2 |       0 |     420 |   0.0 |       0 |      51 |   0.0 |  2261
           D:3 |       0 |     122 |   0.0 |       0 |      23 |   0.0 |   760
               +---------+---------+-------+---------+---------+-------+---------
